 Dungeon Crawl Stone Soup version 0.29.1-1-gd02db6906a (webtiles) character file.

Game seed: 18061889351745558863

820 zeram the Covert (level 7, -2/33 HPs)
             Began as a Spriggan Brigand on Oct 10, 2022.
             Was an Initiate of Yredelemnul.
             Splashed by a jelly's acid (5 damage)
             ... in the Ecumenical Temple.
             The game lasted 00:13:28 (6034 turns).

zeram the Covert (Spriggan Brigand)                 Turns: 6034, Time: 00:13:28

Health: -2/33      AC:  4    Str:  7    XL:     7   Next: 63%
Magic:  8/8        EV: 23    Int: 15    God:    Yredelemnul [......]
Gold:   137        SH:  0    Dex: 16    Spells: 4/6 levels left

rFire   + . .      SeeInvis +   o - +2 dagger (speed)
rCold   . . .      Faith    .   (no shield)
rNeg    . . .      Spirit   .   n - +0 robe {Will+}
rPois   .          Reflect  .   (helmet restricted)
rElec   +          Harm     .   c - +1 cloak
rCorr   .          Rampage  .   (gloves unavailable)
Will    ++...                   (boots unavailable)
Stlth   +++++.....              (no amulet)
HPRegen 0.00/turn               p - +4 ring of evasion
MPRegen 0.11/turn               l - ring of protection from fire

@: inhibited regen, very quick
A: very small, no large weapons, unfitting armour, see invisible, speed 3,
electricity resistance, inhibited regeneration
a: Renounce Religion, Recall Undead Harvest


You were in the Ecumenical Temple.
You worshipped Yredelemnul.
Yredelemnul was noncommittal.
You visited 2 branches of the dungeon, and saw 6 of its levels.

You collected 199 gold pieces.
You spent 62 gold pieces at shops.

Inventory:

Hand Weapons
 a - a +2 dagger
 o - a +2 dagger of speed (weapon)
Missiles
 d - 15 poisoned darts (quivered)
 e - 3 curare-tipped darts
Armour
 b - a +0 robe
 c - a +1 cloak (worn)
 n - a +0 robe of willpower (worn)
Jewellery
 k - a ring of flight
 l - a ring of protection from fire (right hand)
 p - a +4 ring of evasion (left hand)
Potions
 f - 4 potions of flight
 g - a potion of curing {unknown}
 h - 2 potions of ambrosia {unknown}
 i - a potion of magic {unknown}
 j - a potion of mutation
 m - 2 potions of invisibility {unknown}
 q - a potion of degeneration {unknown}
 r - a potion of might {unknown}
 t - a potion of attraction {unknown}


   Skills:
 - Level 1.5 Fighting
 + Level 6.2 Short Blades
 - Level 2.0 Throwing
 + Level 4.8 Dodging
 + Level 10.5 Stealth


You had 4 spell levels left.
You knew the following spells:

 Your Spells              Type           Power      Damage    Failure   Level
a - Ensorcelled Hibernat  Hex/Ice        0%         N/A       38%         2

Your spell library contained the following spells:

 Spells                   Type           Power      Damage    Failure   Level
 Apportation              Tloc           0%         N/A       26%         1
 Spider Form              Tmut/Pois      0%         N/A       63%         3
 Anguish                  Hex/Necr       0%         N/A       95%         4
 Alistair's Intoxication  Tmut/Pois      0%         N/A       100%        5
 Dispersal                Tloc           0%         N/A       100%        6
 Disjunction              Tloc           0%         N/A       100%        8


Dungeon Overview and Level Annotations

Branches:
Dungeon (5/15)             Temple (1/1) D:5

Altars:
Ashenzari
Cheibriados
Elyvilon
Fedhas
Hepliaklqana
Makhleb
Okawaru
Qazlal
Ru
Trog
Uskayaw
Vehumet
Wu Jian
Xom
Yredelemnul

Shops:
D:2 *

Annotations:
D:3 Grinder
D:5 Eustachio, Pikel


Innate Abilities, Weirdness & Mutations

You are very small and have problems with some larger weapons.
You are too small for most types of armour.
You have supernaturally acute eyesight. (SInv)
You cover ground extremely quickly. (Speed+++)
You are resistant to electric shocks. (rElec)
You do not regenerate when monsters are visible.


Message History

Aim: a jelly (lightly wounded, poisoned, 90% to hit)
You throw a poisoned dart. The poisoned dart hits the jelly.
The jelly is lightly wounded.
Unknown command.
Throw: 18 darts (poison)
Press: ? - help, Q - select action, (/) - cycle Shift-Dir - straight line, f/p - jelly
Aim: a jelly (lightly wounded, poisoned, 90% to hit)
You throw a poisoned dart. The poisoned dart hits the jelly.
The jelly is lightly wounded.
Unknown command.
You enter the shallow water.
Moving in this stuff is going to be slow.
You are no longer corroded.
The jelly looks more healthy.
You enter the shallow water.
Moving in this stuff is going to be slow.
You aren't carrying any items that you can evoke.
Unknown command.
Throw: 17 darts (poison)
Press: ? - help, Q - select action, (/) - cycle Shift-Dir - straight line, f/p - jelly
Aim: a jelly (moderately wounded, 90% to hit)
You throw a poisoned dart.
The poisoned dart barely misses the jelly.
Unknown command.
Throw: 16 darts (poison)
Press: ? - help, Q - select action, (/) - cycle Shift-Dir - straight line, f/p - jelly
Aim: a jelly (moderately wounded, 90% to hit)
You throw a poisoned dart. The poisoned dart hits the jelly.
The jelly is moderately wounded.
The jelly closely misses you.
You hit the jelly.
Your hands burn!
* * * LOW HITPOINT WARNING * * *
The jelly is moderately wounded.
You hit the jelly.
Your hands burn!
* * * LOW HITPOINT WARNING * * *
The jelly is heavily wounded.
The jelly hits you but does no damage.
You hit the jelly.
Your hands burn!
You die...
Your body rises from the dead as a mindless zombie.

♣♣ ♣♣♣♣ ≈♣♣ ♣♣♣≈≈♣♣ §≈♣♣
♣♣♣♣♣≈≈≈≈≈♣♣ ~~≈♣♣♣♣
♣♣♣≈≈~~≈≈≈≈≈≈♣♣ .~≈≈≈≈♣♣
♣♣♣~~≈~§.≈~≈≈≈≈≈♣
..≈≈≈≈≈♣♣♣≈~~.......~≈≈≈≈♣♣
♣..~~~≈≈≈≈~~..._@~...~~≈≈≈♣
.§...~~~≈§~§...J.♣~...~~≈≈♣
...~...~~...~.~..♣.._.~~≈≈♣
~~...~....♣.......♣....~≈♣♣
...._.♣.....~_....~♣...~≈♣
..~...♣♣...........♣§..~♣♣
~_.....♣~..§..~.._§~♣.~~♣
.~.......(..........♣.~♣♣
♣..♣..~.....♣~...~..~≈~♣


You could see a jelly.

Vanquished Creatures
  An ogre (D:5)
  A bullfrog (D:4)
  2 scorpions
  An orc priest (D:5)
  4 hounds (D:4)
  Crazy Yiuf (D:4)
  2 iguanas
  An orc wizard (D:5)
  4 gnolls (D:2)
  13 adders
  An ufetubus (D:5)
  3 worms
  2 dart slugs (D:1)
  8 orcs
  5 bats
  6 endoplasms
  6 giant cockroaches
  3 goblins
  10 hobgoblins
  4 jackals
  9 kobolds
  6 quokkas
  8 ball pythons
  4 frilled lizards
  9 rats
114 creatures vanquished.

Vanquished Creatures (collateral kills)
  An iguana (D:3)
  A hobgoblin (D:3)
2 creatures vanquished.

Vanquished Creatures (others)
  A plant (D:2)
1 creature vanquished.

Grand Total: 117 creatures vanquished

Notes
Turn   | Place    | Note
-------+----------+-------------------------------------------
     0 | D:1      | zeram the Spriggan Brigand began the quest for the Orb.
     0 | D:1      | Reached XP level 1. HP: 10/10 MP: 2/2
    15 | D:1      | Reached skill level 6 in Stealth
   135 | D:1      | Reached XP level 2. HP: 10/14 MP: 3/3
   354 | D:1      | Reached skill level 7 in Stealth
   626 | D:1      | Reached XP level 3. HP: 18/18 MP: 4/4
   911 | D:2      | Reached XP level 4. HP: 2/22 MP: 5/5
  1292 | D:2      | Reached skill level 8 in Stealth
  1573 | D:2      | Found Cofuwaur's Assorted Antiques.
  1582 | D:2      | Bought a glowing robe for 62 gold pieces
  1929 | D:2      | Found a faded altar of an unknown god.
  1937 | D:2      | Reached XP level 5. HP: 24/25 MP: 6/6
  2167 | D:3      | Noticed an ogre
  2544 | D:3      | Reached skill level 9 in Stealth
  2549 | D:3      | Gained mutation: You do not regenerate when monsters are
                  | visible. [potion of mutation]
  2549 | D:3      | Gained mutation: You are resistant to electric shocks.
                  | (rElec) [potion of mutation]
  2662 | D:3      | Noticed Grinder
  2941 | D:4      | Reached XP level 6. HP: 21/30 MP: 7/7
  3513 | D:4      | Reached skill level 5 in Short Blades
  3663 | D:4      | Found a runed translucent door.
  3664 | D:4      | Noticed Crazy Yiuf
  3880 | D:4      | Killed Crazy Yiuf
  4176 | D:5      | Entered Level 5 of the Dungeon
  4181 | D:5      | Noticed Pikel
  4350 | D:5      | Reached XP level 7. HP: 22/33 MP: 8/8
  4665 | D:5      | Identified the +2 leather armour of Gueh {Will+ Str+2 Dex-3
                  | Slay+3}
  4701 | D:5      | Reached skill level 10 in Stealth
  4716 | D:5      | Learned a level 2 spell: Ensorcelled Hibernation
  5513 | D:5      | Found a staircase to the Ecumenical Temple.
  5531 | Temple   | Entered the Ecumenical Temple
  5779 | Temple   | Became a worshipper of Yredelemnul the Dark
  5801 | D:5      | Noticed Eustachio
  6034 | Temple   | Splashed by a jelly's acid

Illustrated notes

Levels and vault maps discovered:
D:1:      grunt_arrival_lava_bath, layout_basic, hex_large,
          minmay_close_crescents
D:2:      minmay_chambers_of_ones, layout_loops_ring, serial_shops,
          nicolae_shop_overgrown_old_shop, serial_aquarium,
          aquarium_bridge_straight [aquarium_subvault_bridge,
          aquarium_subvault_wall, aquarium_subvault_bridge,
          aquarium_subvault_window], aquarium_bridge_straight
          [aquarium_subvault_bridge, aquarium_subvault_wall,
          aquarium_subvault_bridge, aquarium_subvault_window],
          aquarium_window_fake, aquarium_window_2, aquarium_window_fake,
          aquarium_view_2a, aquarium_view_2b, aquarium_balcony_5a,
          aquarium_pool_2, nicolae_ecumenical_oubliette, grunt_ministairs_15,
          feat_on_display
D:3:      layout_basic, uniq_grinder
D:4:      layout_loops_cross, nicolae_kite_square_tiling_tiny,
          uniq_crazy_yiuf_cottage
D:5:      layout_loops_ring, minmay_temple_entry_proselytizer,
          serial_park_tiny_1, minmay_fountain_box, uniq_sigmund, uniq_pikel,
          uniq_eustachio
Temple:   nicolae_temple_bog_church

Skill      XL: |  1  2  3  4  5  6  7 |
---------------+----------------------+-----
Stealth        | 6 7 8 9 10 | 10.5
Short Blades   | 3 4 5 6 |  6.2
Dodging        | 2 3 4 |  4.8
Fighting       | |  1.5
Throwing       | |  2.0

Action                   |  1- 3 |  4- 6 |  7- 9 || total
-------------------------+-------+-------+-------++-------
Melee: Dagger            |    88 |   288 |   128 ||   504
       Punch             |     1 |     4 |     6 ||    11
Throw: Dart              |       |     6 |     6 ||    12
  Use: Scroll            |     5 |     4 |       ||     9
       Potion            |       |     2 |       ||     2
 Stab: Sleeping          |    10 |    20 |     3 ||    33
       Distracted        |       |     1 |       ||     1
Armor: Robe              |    15 |    17 |     6 ||    38
Dodge: Dodged            |    60 |   157 |    63 ||   280
